AoeStats
← jonafaca

Arena

510550857Analyzed
2v2 RM · 2d ago on Oct 1, 2026· 42m 8s· 4 players
Game mode
Random Map
Map size
Medium (4 player)
Population
200
Speed
Normal
Resources
Standard
Victory
Conquest
Starting age
Dark Age
Ending age
Imperial Age
RankedLock teamsTeams togetherTeam positionsShared explorationLock speedFull tech treeHidden civsTurbo modeCheats
Victory
Defeat
🇦🇷 Bulgarians · Argentina
944
+15
🇦🇷 Bulgarians · Argentina
876
+49
🇨🇳 Franks · China
961
-18
🇮🇹 Spanish · Italy
893
-15
^PenXpro_iWnL_^
11:03 Feudal Age
11:43 Double-Bit Axe
16:50 Castle Age
15:48 Horse Collar
18:19 Bow Saw
23:37 Heavy Plow
24:00 Gold Mining
24:00 Stone Mining
28:54 Imperial Age
27:05 Forging
26:55 Scale Mail Armor
27:00 Scale Barding Armor
27:34 Wheelbarrow
27:59 Gold Shaft Mining
28:55 Iron Casting
28:40 Chain Barding Armor
30:22 Conscription
30:32 Stirrups
31:16 Plate Barding Armor
32:13 Hand Cart
32:54 Elite Konnik
35:50 Blast Furnace
35:05 Chain Mail Armor
37:00 Plate Mail Armor
36:40 Husbandry
36:50 Bloodlines
jonafaca
11:24 Feudal Age
17:20 Castle Age
15:31 Double-Bit Axe
15:35 Horse Collar
16:34 Gold Mining
23:26 Bow Saw
30:11 Wheelbarrow
31:54 Scale Barding Armor
31:50 Scale Mail Armor
32:01 Forging
34:25 Imperial Age
33:02 Padded Archer Armor
37:43 Leather Archer Armor
37:50 Chain Barding Armor
40:36 Stirrups
IKUN
1:36 Loom
11:07 Feudal Age
11:29 Horse Collar
11:35 Double-Bit Axe
19:46 Castle Age
17:56 Gold Mining
18:21 Man-at-Arms
19:52 Forging
21:03 Gambesons
21:18 Squires
21:40 Sanctity
21:03 Long Swordsman
23:41 Scale Mail Armor
24:56 Padded Archer Armor
25:10 Inquisition
26:16 Leather Archer Armor
32:27 Heavy Plow
32:38 Bow Saw
32:48 Arson
37:25 Imperial Age
36:10 Wheelbarrow
35:20 Town Watch
36:33 Squires
38:15 Chain Mail Armor
38:38 Pikeman
40:28 Conscription
41:17 Chemistry
党卫军
4:44 Loom
11:11 Feudal Age
12:57 Double-Bit Axe
18:34 Castle Age
23:51 Wheelbarrow
23:29 Bow Saw
23:26 Fletching
26:01 Ordonnance Companies
27:25 Ballistics
27:39 Bodkin Arrow
29:03 Town Watch
29:36 Hand Cart
29:16 Gold Mining
34:19 Imperial Age
33:16 Husbandry
34:34 Forging
34:29 Scale Barding Armor
34:30 Padded Archer Armor
34:29 Cavalier
35:50 Iron Casting
34:56 Heavy Mounted Crossbowman
34:56 Cranequins
36:38 Paladin
38:42 Chain Barding Armor
39:34 Blast Furnace
39:11 Caravan
39:57 Plate Barding Armor
Connection lost

Rejoining the realm…

Still unreachable

The connection could not be restored.

Session expired

The server has moved on; the page needs a fresh start.